 Dungeon Crawl Stone Soup version 0.21-a0-516-gaaff437 (webtiles) character file.

752889 Ghella the Gargoyle Barricade (level 27, -6/154 HPs)
             Began as a Gargoyle Fighter on Dec 3, 2017.
             Was an Initiate of Gozag.
             Killed from afar by an orb of fire (7 damage)
             ... with a fireball
             ... on level 5 of the Realm of Zot on Dec 4, 2017.
             The game lasted 07:06:09 (113156 turns).

Ghella the Gargoyle Barricade (Gargoyle Fighter)  Turns: 113156, Time: 07:06:11

Health: -6/154     AC: 68    Str: 27 (28) XL:     27
Magic:  16/16      EV: 15    Int: 17      God:    Gozag
Gold:   613        SH:  0    Dex: 20      Spells: 23/26 levels left

rFire    + + +     SeeInvis +   i - +5 mace of Jikizug {freeze, +Fly rF+++ MR- Dex+4}
rCold    + + .     Gourm    .   z - +8 large shield {rN+}
rNeg     + + +     Faith    .   N - +7 plate armour "Naixocylecs" {rElec Int+3 Dex+4 Slay+2}
rPois    ∞         Spirit   .   C - +2 hat {SInv}
rElec    +         Reflect  .   c - +2 cloak {rC+}
rCorr    .         Harm     .   L - +2 pair of gloves {Dex+3}
MR       +++++     NoTele   +   e - +0 pair of boots of the Dice {*Drain +Fly MR+++ Int+4}
Stlth    ..........             a - amulet of Vitality {Regen+ HP+15}
HPRegen  0.75/turn              Q - ring "Cerev" {rC++ AC+5}
MPRegen  0.15/turn              l - ring "Awecuad" {Fire -Tele rN+ MR+}

@: confused
A: antennae 1, big wings, claws 1, icy blue scales 1, blurry vision 3,
deterioration 2, frail 3, low mp 3, magic resistance 1, negative energy
resistance 1, electricity resistance, teleportitis 1, weak 2, unbreathing,
petrification resistance, rot immunity, subdued magic 1, AC +20
}: 4/15 runes: serpentine, barnacled, silver, glowing
a: Fly, Potion Petition, Call Merchant, Bribe Branch, Renounce Religion, Evoke
Flight


You were on level 5 of the Realm of Zot.
You worshipped Gozag.
Gozag was pleased with you.
You were not hungry.

You visited 12 branches of the dungeon, and saw 54 of its levels.
You visited Pandemonium 1 time, and saw 2 of its levels.
You visited the Abyss 3 times.
You also visited: Ice Cave and Volcano.

You collected 38357 gold pieces.
You spent 13109 gold pieces at shops.
You paid 24635 gold pieces to Gozag.

Inventory:

Hand Weapons
 h - a +9 flail of holy wrath
 i - the +5 mace of Jikizug (weapon) {freeze, +Fly rF+++ MR- Dex+4}
   (You found it on level 13 of the Dungeon)

   It has been specially enchanted to freeze those struck by it, causing extra
   injury to most foes and up to half again as much damage against particularly
   susceptible opponents.
   It can also slow down cold-blooded creatures.
   It affects your dexterity (+4).
   It renders you almost immune to fire.
   It affects your resistance to hostile enchantments.
   It lets you fly.
Armour
 c - a +2 cloak of cold resistance (worn)
 e - the +0 pair of boots of the Dice (worn) {*Drain +Fly MR+++ Int+4}
   (You found it on level 4 of the Dungeon)

   It affects your intelligence (+4).
   It affects your resistance to hostile enchantments.
   It lets you fly.
   It causes draining when unequipped.
 w - a +5 shield of fire resistance
 z - a +8 large shield of positive energy (worn)
 C - a +2 hat of see invisible (worn)
 L - a +2 pair of gloves of dexterity (worn)
 N - the +7 plate armour "Naixocylecs" (worn) {rElec Int+3 Dex+4 Slay+2}
   (You bought it in a shop on level 13 of the Dungeon)

   It affects your intelligence (+3).
   It affects your dexterity (+4).
   It affects your accuracy and damage with ranged weapons and melee attacks
   (+2).
   It insulates you from electricity.
Jewellery
 a - the amulet of Vitality (around neck) {Regen+ HP+15}
   (You bought it in a shop on level 1 of the Lair of Beasts)

   [amulet of regeneration]

   It affects your health (+15).
   It increases your rate of regeneration.
 l - the ring "Awecuad" (right hand) {Fire -Tele rN+ MR+}
   (You took it off a spriggan on level 2 of the Depths)

   [ring of fire]

   It enhances your fire magic.
   It protects you from fire.
   It makes you vulnerable to cold.
   It protects you from negative energy.
   It affects your resistance to hostile enchantments.
   It prevents most forms of teleportation.
 s - the ring "Asaje" {rF+ rC+ Str-3 Int+3 Dex+4 SInv}
   (You bought it in a shop on level 1 of the Lair of Beasts)

   [ring of see invisible]

   It affects your strength (-3).
   It affects your intelligence (+3).
   It affects your dexterity (+4).
   It protects you from fire.
   It protects you from cold.
   It lets you see invisible.
 A - the ring of Xom's Hope {rPois rN+ Str+2}
   (You found it on level 3 of the Crypt)

   [ring of poison resistance]

   It affects your strength (+2).
   It protects you from poison.
   It protects you from negative energy.
 I - the ring "Kexzurem" {rPois rC+++ MR+ SInv Stlth-}
   (You took it off a deep elf annihilator on level 3 of the Elven Halls)

   [ring of poison resistance]

   It renders you almost immune to cold.
   It protects you from poison.
   It affects your resistance to hostile enchantments.
   It lets you see invisible.
   It makes you less stealthy.
 J - the amulet "Piutu" {Reflect rPois MR+ SH+3}
   (You bought it in a shop on level 1 of the Lair of Beasts)

   [amulet of reflection]

   It shields you and reflects attacks.
   It protects you from poison.
   It affects your resistance to hostile enchantments.
   It affects your SH (+3).
 Q - the ring "Cerev" (left hand) {rC++ AC+5}
   (You bought it in a shop on level 3 of the Depths)

   [ring of protection]

   It affects your AC (+5).
   It greatly protects you from cold.
 S - the ring "Meitas" {rCorr *Slow rC+ Str+5}
   (You acquired it in Pandemonium)

   [ring of resist corrosion]

   It affects your strength (+5).
   It protects you from cold.
   It may slow you when you take damage.
Wands
 b - a wand of paralysis (126)
 d - a wand of digging (28)
 g - a wand of enslavement (61)
 q - a wand of scattershot (8)
 F - a wand of flame (188)
 O - a wand of polymorph (104)
 T - a wand of acid (33)
 U - a wand of iceblast (55)
 Z - a wand of disintegration (14)
Scrolls
 j - 5 scrolls of teleportation
 m - 5 scrolls of blinking
 p - 36 scrolls of remove curse
 t - 6 scrolls of identify
 y - 8 scrolls of fog
 B - 3 scrolls of silence
 K - 7 scrolls of immolation
 R - 10 scrolls of magic mapping
 X - 6 scrolls of fear
Potions
 k - 8 potions of agility
 n - 3 potions of ambrosia
 o - a potion of berserk rage
 r - 37 potions of curing
 E - 4 potions of cancellation
 G - 4 potions of invisibility
 M - 6 potions of lignification
 W - 4 potions of magic
 Y - 8 potions of might
Comestibles
 f - 33 bread rations
 v - 60 fruits


   Skills:
 O Level 27 Fighting
 O Level 27 Maces & Flails
 * Level 25.6 Armour
 + Level 8.6 Dodging
 - Level 0.2 Stealth
 O Level 27 Shields
 + Level 1.3 Evocations


You had 23 spell levels left.
You knew the following spells:

 Your Spells              Type           Power        Failure   Level  Hunger
a - Song of Slaying       Chrm           #.......     71%         2    ###....
b - Infusion              Chrm           #...         56%         1    ##.....


Dungeon Overview and Level Annotations

Branches:
Dungeon (15/15)            Temple (1/1) D:6            Lair (6/6) D:10
 Shoals (4/4) Lair:3        Snake (4/4) Lair:4        Slime (0/5) Lair:6
    Orc (2/2) D:10            Elf (3/3) Orc:2        Vaults (5/5) D:13
  Crypt (3/3) Vaults:2       Tomb (0/3) Crypt:3      Depths (5/5) D:15
   Hell (1/1)                 Dis (0/7) Hell            Geh (0/7) Hell
    Coc (0/7) Hell            Tar (0/7) Hell            Zot (5/5) Depths:5

Altars:
Ashenzari
Cheibriados
Dithmenos
Elyvilon
Fedhas
Gozag
Hepliaklqana
Kikubaaqudgha
Makhleb
Nemelex Xobeh
Okawaru
Qazlal
Ru
Sif Muna
Trog
Uskayaw
Vehumet
Wu Jian
Xom
Yredelemnul
Zin
The Shining One
Jiyva

Shops:
D:7 [[:*   D:10 [   D:13 [   Orc:2 }}   Lair:1 [=*[[=(====*=   Snake:4 !
Vaults:1 *   Vaults:4 (*   Vaults:5 %   Zot:2 *   Depths:1 =((*   Depths:2 *
Depths:3 *=?*=   Depths:5 ***:

Portals:
Hell: Depths:1 Depths:2 Depths:3 Depths:4 Depths:5
Abyss: Depths:2 Depths:4 Depths:5
Pandemonium: Depths:3 Depths:5
Ziggurat: Depths:1

Annotations:
D:4 Fingolfin's ghost, amateur OpTm
Snake:4 exclusion: Roxanne, Roxanne
Hell exclusion: ice statue


Innate Abilities, Weirdness & Mutations

You are resistant to torment.
Your stone body is resilient. (AC +20)
You are immune to poison.
Your large and strong wings let you fly indefinitely.
You resist negative energy. (rN+)
You are resistant to electric shocks. (rElec)
You can survive without breathing.
You are immune to petrification.
You are immune to rotting.
You have a pair of small antennae on your head.
You have sharp fingernails.
You are partially covered in icy blue scales. (AC +2)
Scrolls take you much longer to read.
Your body often deteriorates upon taking damage.
You are extremely frail. (-30% HP)
Your magical capacity is extremely low. (-30% MP)
You are resistant to hostile enchantments. (MR+)
You are occasionally teleported next to monsters.
You are very weak. (Str -4)
Your spells are a little easier to cast, but a little less powerful.


Message History

The bolt of fire hits the orb of fire.
The orb of fire completely resists.
The bolt of fire misses you.
You hear a roar!
Unknown command.
Okay, then.
You are confused.
You feel invigorated.
The orb of fire emits a lurid red light.
The fireball explodes!
The fireball engulfs you!
The orb of fire emits a lurid red light.
The bolt of fire hits you! You resist.
* * * LOW HITPOINT WARNING * * *
The orb of fire glows bright magenta.
The bolt of fire hits you! You resist.
* * * LOW HITPOINT WARNING * * *
The orb of fire emits a lurid red light.
The fireball explodes!
The fireball engulfs the orb of fire.
The orb of fire completely resists.
The fireball engulfs you! You resist.
You die...
Your body crumbles into a pile of gold.

.....###..'.......'...### ###..
.#####.##.#.......#.....######..#
...##...####.....###......#.##...
..##.....'.##...##.##..........##
...##...##..#'####.####......###.
.#####.##......#.#.#.####...##...
..#..#'###.##..#)#...# #........#
#...........#......#...#.....#..#
####▓▓▓▓########@########▓▓▓▓####
...## #.......*.......# ##.X.
....# ##......*......## ##§.*.
..... #.............# ##....d
..... ##...........## #.....d
..... #...........# #...... .....
##...........## #...... .....
#.............# #...... .....
##.............## #......


You could see 2 orbs of fire.

Vanquished Creatures
  Mnoleg (Pan)
  An orb of fire (Zot:1)
  A pandemonium lord (Pan)
  10 ancient liches
  Mara (Snake:3)
  Bai Suzhen (Snake:4)
  Boris (Depths:3)
  4 caustic shrikes (Depths:5)
  2 Killer Klowns
  A curse toe (Zot:3)
  Geryon (Hell)
  8 golden dragons
  Nikola (Elf:2)
  the Enchantress (Depths:2)
  8 bone dragons
  2 profane servitors
  Jory (Vaults:2)
  2 Tzitzimimeh
  2 electric golems (Zot:5)
  6 liches
  Jorgrun (Depths:2)
  A hellephant (Abyss:3)
  21 tentacled monstrosities
  An Ice Fiend (IceCv)
  8 Orb Guardians (Zot:5)
  4 deep elf blademasters
  7 quicksilver dragons
  Asterion (Snake:2)
  A titan (Vaults:4)
  6 Executioners (Pan)
  A quicksilver dragon (shapeshifter) (Vaults:3)
  A deep elf master archer (Elf:3)
  9 death cobs
  Polyphemus (Shoals:3)
  3 ancient champions (Crypt:3)
  A kraken (Shoals:1)
  11 tentacled starspawn
  The ghost of 4thArraOfDagon the Brawler, an adept TrWn of Cheibriados (Snake:1)
  A sphinx (Depths:4)
  13 tengu reavers
  Agnes (Snake:3)
  Gastronok (Lair:3)
  10 shadow dragons
  Donald (Crypt:2)
  6 draconian monks
  18 storm dragons
  Ilsuiw (Shoals:4)
  7 fire giants
  11 nagarajas
  2 revenants
  13 vault wardens
  The ghost of Thaneod the Executioner, a journeyman MiBe of Trog (IceCv)
  A fire giant (shapeshifter) (Vaults:4)
  8 frost giants
  2 iron dragons
  8 draconian knights
  29 cacodemons (Pan)
  Aizul (Snake:1)
  3 ghost moths
  5 deep elf sorcerers
  3 balrugs
  3 curse skulls
  5 draconian scorchers
  5 ghouls
  An orc warlord (Vaults:4)
  2 emperor scorpions (Depths:2)
  5 reapers
  6 deep elf elementalists
  5 draconian shifters
  6 war gargoyles
  3 draconian annihilators
  A warmonger (Pan)
  4 draconian stormcallers
  A blood saint (Pan)
  2 entropy weavers (Vaults:4)
  15 ironheart preservers
  6 spriggan defenders
  15 very ugly things
  8 deep elf demonologists
  18 stone giants
  6 caustic shrike skeletons (Depths:2)
  2 black suns (Pan)
  15 yellow draconians
  9 white draconians
  13 green draconians
  8 vampire knights
  10 deep elf annihilators
  A dire elephant (D:15)
  3 lorocyprocas
  8 black draconians
  9 red draconians
  9 purple draconians
  6 merfolk javelineers
  The ghost of theanonym the Cleaver, a journeyman DsFi of Yredelemnul (Volcano)
  A green death (Abyss:1)
  A spark wasp (Depths:4)
  12 merfolk impalers
  4 eidola
  A crystal guardian (Vaults:4)
  9 ettins
  4 great orbs of eyes
  11 deep elf death magi
  19 jiangshi
  A kraken zombie (Hell)
  6 fire dragons
  12 yaktaur captains
  A quicksilver dragon skeleton (Crypt:1)
  5 deep elf high priests
  Fannar (Orc:2)
  6 ice dragons
  A monstrous demonspawn (Pan)
  4 hydras
  13 rakshasas
  6 spriggan air magi
  27 vault guards
  2 catoblepae
  An alligator snapping turtle (Shoals:4)
  A hell beast (Depths:3)
  11 naga warriors
  4 merfolk aquamancers
  A satyr (shapeshifter) (Depths:3)
  10 anacondas
  9 centaur warriors
  6 death knights
  4 merfolk avatars
  3 death yaks (Shoals:2)
  3 deep troll shamans
  A titan zombie (Crypt:2)
  19 ogre magi
  4 vampire magi (Crypt:1)
  53 two-headed ogres
  17 naga sharpshooters
  A satyr (Shoals:3)
  A spectral dire elephant (Crypt:3)
  11 thrashing horrors
  8 shock serpents
  3 tengu warriors
  10 spriggan berserkers
  23 deep elf knights
  2 hell hogs (Abyss:1)
  13 hell knights
  2 deep troll earth magi
  6 orc high priests
  3 iron golems (Hell)
  11 soul eaters
  4 sun demons
  2 storm dragon zombies
  34 sixfirhies
  A spark wasp zombie (Depths:1)
  2 spatial maelstroms (Abyss:2)
  11 wretched stars
  5 iron trolls
  4 salamander mystics
  29 skeletal warriors
  2 unseen horrors
  12 shadow wraiths
  7 spriggan druids (Depths:2)
  6 glowing orange brains
  13 deep trolls
  7 wizards
  9 flayed ghosts
  A glowing orange brain (shapeshifter) (Elf:3)
  A cherub (Pan)
  A storm dragon skeleton (Abyss:2)
  13 sea snakes
  13 deep elf archers
  2 gelid demonspawn (Pan)
  3 shadow demons (Depths:3)
  4 phantasmal warriors
  A swamp dragon (shapeshifter) (Vaults:1)
  Pikel (D:7)
  15 necromancers
  An anaconda skeleton (Hell)
  16 ironbrand convokers
  A wolf spider zombie (Crypt:1)
  12 naga ritualists
  19 harpies
  A frost giant zombie (Depths:1)
  21 ugly things
  6 orc sorcerers
  47 deep elf magi
  3 oklob plants (Lair:1)
  An orb spider (Abyss:3)
  A stone giant zombie (Hell)
  4 wolf spiders
  7 cyclopes
  17 mana vipers
  19 orc knights
  A shadow dragon skeleton (Depths:1)
  8 worldbinders
  16 manticores
  2 shining eyes (Pan)
  8 fauns
  13 salamanders
  12 elephants
  26 moths of wrath
  26 black mambas
  A black mamba (shapeshifter) (D:15)
  6 rust devils (Hell)
  5 guardian serpents (Snake:4)
  16 vault sentinels
  3 eyes of devastation (Pan)
  9 merfolk sirens
  2 apocalypse crabs (Abyss:1)
  Maurice (D:8)
  25 orange demons
  An ice statue (IceCv)
  19 naga magi
  12 water nymphs
  An elephant (shapeshifter) (Depths:2)
  15 smoke demons
  2 gargoyles (D:13)
  An emperor scorpion zombie (Abyss:1)
  15 spiny frogs
  2 molten gargoyles (Volcano)
  2 rime drakes
  A yaktaur (shapeshifter) (Elf:1)
  2 tormentors (Pan)
  A komodo dragon (shapeshifter) (Abyss:1)
  A demonic crawler (Abyss:1)
  A red draconian zombie (Crypt:1)
  7 komodo dragons
  47 yaktaurs
  4 anaconda simulacra
  9 ice devils
  An efreet (Abyss:1)
  7 hellwings
  14 freezing wraiths
  7 red devils
  4 tengu conjurers
  7 ancient zymes
  A golden dragon simulacrum (IceCv)
  7 trolls
  A human skeleton (Vaults:1)
  A meliai (shapeshifter) (Abyss:2)
  2 hydra zombies
  A death drake zombie (Crypt:2)
  3 hydra skeletons
  11 polar bears
  A wolf spider simulacrum (IceCv)
  7 wind drakes
  30 hornets
  33 merfolk
  A harpy skeleton (Hell)
  14 raiju
  A raiju (shapeshifter) (Vaults:1)
  A hippogriff (shapeshifter) (Depths:4)
  2 bog bodies (Crypt:1)
  9 snapping turtles
  An alligator zombie (Hell)
  A spriggan zombie (Depths:1)
  15 blink frogs
  14 hippogriffs
  6 slime creatures
  12 dream sheep
  A dream sheep (shapeshifter) (Depths:2)
  A fire dragon skeleton (Depths:1)
  50 flying skulls
  4 air elementals
  9 redbacks
  An ice dragon skeleton (Abyss:3)
  8 shadows
  65 yaks
  A dire elephant simulacrum (IceCv)
  25 water elementals
  A vampire (Abyss:1)
  2 wyverns
  12 ynoxinuls
  57 spriggans
  20 humans
  5 wraiths
  7 basilisks
  2 basilisks (shapeshifter)
  19 chaos spawn
  8 fire bats
  2 golden eyes (Pan)
  3 hogs (D:7)
  A wyvern (shapeshifter) (Vaults:1)
  12 fire elementals
  A human simulacrum (Vaults:1)
  A steam dragon (D:10)
  3 hungry ghosts
  29 neqoxecs
  2 vampire mosquitoes (D:15)
  62 nagas
  5 harpy simulacra
  7 wargs
  An insubstantial wisp (Abyss:1)
  A warg (shapeshifter) (Elf:3)
  An ogre zombie (Vaults:1)
  2 soldier ants (D:15)
  3 acid dragons
  4 floating eyes
  A spiny frog zombie (Hell)
  10 water moccasins
  4 hydra simulacra
  A water nymph skeleton (Crypt:1)
  An ogre skeleton (Vaults:1)
  9 porcupines
  A two-headed ogre skeleton (Crypt:1)
  42 small abominations
  A manticore zombie (Hell)
  3 sky beasts
  6 ice beasts
  2 alligator simulacra
  57 orc warriors
  46 large abominations
  A spiny frog skeleton (Hell)
  An ice dragon simulacrum (Crypt:1)
  9 necrophages
  48 wolves
  8 black bears
  3 ettin simulacra (IceCv)
  16 centaurs
  4 eyes of draining
  42 ogres
  2 phantoms
  5 crocodiles
  A swamp dragon zombie (Crypt:1)
  21 boggarts
  An orc skeleton (Vaults:1)
  22 bullfrogs
  2 big kobolds
  A gnoll sergeant (D:12)
  A wyvern zombie (D:14)
  3 earth elementals
  A deep troll simulacrum (Vaults:1)
  An elf simulacrum (Vaults:1)
  A water moccasin zombie (D:10)
  4 scorpions
  2 wyvern skeletons
  An elephant simulacrum (IceCv)
  A troll zombie (Abyss:1)
  A swamp dragon simulacrum (Crypt:1)
  8 killer bees
  3 wights (D:7)
  An electric eel (D:10)
  3 howler monkeys
  2 bullfrog zombies (D:12)
  7 lava snakes (Volcano)
  4 centaur zombies
  8 crimson imps
  10 quasits
  A basilisk zombie (Crypt:1)
  39 starcursed masses
  2 draconian simulacra (IceCv)
  11 hounds
  4 jellies
  A human zombie (Crypt:1)
  40 orc priests
  A black bear skeleton (Crypt:2)
  4 centaur skeletons
  4 iron imps
  2 bullfrog skeletons
  5 iguanas
  19 orc wizards
  Ijyb (D:5)
  A gnoll shaman (D:5)
  2 polar bear simulacra (IceCv)
  2 troll simulacra (IceCv)
  10 worker ants
  A spriggan simulacrum (IceCv)
  6 centaur simulacra (IceCv)
  A felid skeleton (Crypt:2)
  A hound skeleton (D:7)
  A howler monkey skeleton (Crypt:1)
  3 worker ant zombies
  8 gnolls
  9 adders
  A naga simulacrum (IceCv)
  A steam dragon zombie (Crypt:1)
  2 shadow imps
  12 white imps
  18 ufetubi
  An ooze (D:2)
  3 adder skeletons
  3 adder zombies
  3 worms
  4 dart slugs
  3 leopard geckos
  91 orcs
  5 giant cockroaches
  7 goblins
  4 hobgoblins
  2 jackals (D:9)
  20 kobolds
  3 quokkas
  A ball python (D:1)
  A ball python skeleton (Crypt:2)
  7 bats
  3 frilled lizards
  A gnoll skeleton (Crypt:2)
  A hobgoblin skeleton (Crypt:2)
  A jackal skeleton (D:4)
  A leopard gecko skeleton (D:6)
  A quokka zombie (D:6)
  9 rats
  A fungus (Lair:1)
  2 plants
  4 starspawn tentacles (Abyss:1)
  7 tentacles
3069 creatures vanquished.

Vanquished Creatures (others)
  Vashnia (Snake:2)
  2 tentacled monstrosities (Vaults:5)
  A deep elf master archer (Elf:3)
  5 eldritch tentacles (Pan)
  A stone giant (Vaults:5)
  2 merfolk javelineers (Shoals:1)
  A merfolk impaler (Shoals:1)
  2 yaktaur captains (Vaults:5)
  A merfolk aquamancer (Shoals:4)
  2 centaur warriors
  3 satyrs
  25 dancing weapons
  8 naga sharpshooters
  A large abomination (Abyss:2)
  A spatial maelstrom (Abyss:2)
  A deep elf archer (Elf:3)
  A cyclops (Shoals:4)
  A moth of wrath (Zot:5)
  A black mamba (Snake:4)
  20 yaktaurs
  An ancient zyme (Abyss:2)
  A merfolk (Shoals:3)
  2 raiju (Abyss:2)
  A water elemental (Shoals:3)
  A chaos spawn (Pan)
  A golden eye (Pan)
  7 spatial vortices (Abyss:2)
  A slave (D:7)
  An ogre (Vaults:5)
  A small abomination (Abyss:1)
  2 boggarts (Depths:3)
  4 centaurs
  2 orc wizards
  An iron imp (Hell)
  A white imp (IceCv)
  4 ufetubi (IceCv)
  2 orcs
  3 fungi
  4 lurking horrors
  43 plants
  32 starspawn tentacles
  23 tentacles
  A withered plant (Shoals:4)
219 creatures vanquished.

Grand Total: 3288 creatures vanquished

Notes
Turn   | Place    | Note
-------+----------+-------------------------------------------
     0 | D:1      | Ghella the Gargoyle Fighter began the quest for the Orb.
     0 | D:1      | Reached XP level 1. HP: 14/14 MP: 1/1
   221 | D:1      | Reached XP level 2. HP: 19/19 MP: 2/2
   520 | D:1      | Reached XP level 3. HP: 22/23 MP: 3/3
  1034 | D:2      | Reached XP level 4. HP: 29/29 MP: 4/4
  1467 | D:3      | Learned a level 2 spell: Song of Slaying
  1517 | D:3      | Learned a level 1 spell: Infusion
  1732 | D:3      | Reached XP level 5. HP: 15/33 MP: 5/5
  2002 | D:3      | Found Zin's Purification Station.
  2005 | D:3      | Found a glowing silver altar of Zin.
  2012 | D:3      | Bought a potion of curing for 90 gold pieces
  2428 | D:4      | Noticed a dagger
  2428 | D:4      | Noticed a dagger
  2429 | D:4      | Found a hide-covered altar of Uskayaw.
  2467 | D:4      | Found a faded altar of an unknown god.
  2467 | D:4      | Found a faded altar of an unknown god.
  2472 | D:4      | Found a blossoming altar of Fedhas.
  2474 | D:4      | Found a glowing golden altar of the Shining One.
  2476 | D:4      | Found a white marble altar of Elyvilon.
  2524 | D:4      | Noticed Fingolfin's ghost (amateur OpTm)
  2614 | D:4      | Reached XP level 6. HP: 35/38 MP: 6/6
  2639 | D:4      | Got a pair of dazzling boots
  2655 | D:4      | Identified the cursed +0 pair of boots of the Dice {*Drain +Fly MR+++ Int+4} (You found it on level 4 of the Dungeon)
  2783 | D:4      | Noticed a phantom
  2798 | D:4      | Killed a phantom
  2798 | D:4      | Reached skill level 5 in Maces & Flails
  2798 | D:4      | Reached skill level 5 in Armour
  2890 | D:5      | Entered Level 5 of the Dungeon
  2899 | D:5      | Reached XP level 7. HP: 44/44 MP: 7/7
  3385 | D:5      | Noticed Ijyb
  3425 | D:5      | Killed Ijyb
  3494 | D:5      | Got a creamy pearl robe
  3495 | D:5      | Identified the +1 robe of Incorporation {rElec rN++ Str-5 Int+4} (You found it on level 5 of the Dungeon)
  4027 | D:6      | Reached skill level 5 in Fighting
  4229 | D:6      | Found a radiant altar of Vehumet.
  4337 | D:6      | Found a shadowy altar of Dithmenos.
  4401 | D:6      | Reached XP level 8. HP: 45/49 MP: 8/8
  4438 | D:6      | Found a staircase to the Ecumenical Temple.
  4850 | Temple   | Entered the Ecumenical Temple
  5037 | Temple   | Became a worshipper of Gozag Ym Sagoz the Greedy
  5117 | D:7      | Noticed a hippogriff
  5537 | D:7      | Killed a hippogriff
  5573 | D:7      | Found Buohoaza's Book Boutique.
  5738 | D:7      | Found Peesm's Assorted Antiques.
  5741 | D:7      | Bought a scroll labeled DISUFU ACLOEM for 30 gold pieces
  5741 | D:7      | Bought a scroll of identify for 60 gold pieces
  5741 | D:7      | Bought a scroll labeled UCURYIW YNLI for 30 gold pieces
  5766 | D:7      | Found Vonaesm Taeg's Armour Shoppe.
  5885 | D:7      | Noticed Pikel
  5959 | D:7      | Killed Pikel
  5959 | D:7      | Reached XP level 9. HP: 53/56 MP: 9/9
  5986 | D:7      | Found Udiyr Ywu's Antique Armour Shoppe.
  6711 | D:7      | Reached XP level 10. HP: 53/63 MP: 7/10
  6970 | D:8      | Noticed Maurice
  7005 | D:8      | Killed Maurice
  7065 | D:8      | Found a sparkling altar of Nemelex Xobeh.
  7142 | D:8      | Reached skill level 10 in Maces & Flails
  7200 | D:8      | Found a sacrificial altar of Ru.
  8095 | D:9      | Reached skill level 10 in Armour
  8885 | D:10     | Entered Level 10 of the Dungeon
  8900 | D:10     | Noticed a two-headed ogre
  8912 | D:10     | Killed a two-headed ogre
  8912 | D:10     | Reached XP level 11. HP: 63/69 MP: 11/11
  8916 | D:10     | Identified a scroll of acquirement
  8990 | D:10     | Found a staircase to the Lair.
  9089 | D:10     | Bought a +2 shield of fire resistance for 279 gold pieces
  9486 | D:10     | Noticed a two-headed ogre
  9507 | D:10     | Killed a two-headed ogre
 10414 | D:10     | Found a staircase to the Orcish Mines.
 10559 | D:10     | Gained mutation: You are weak. (Str -2) [potion of mutation]
 10559 | D:10     | Gained mutation: You tend to lose your temper in combat. [potion of mutation]
 10559 | D:10     | Gained mutation: You often lose your temper in combat. [potion of mutation]
 10559 | D:10     | Lost mutation: You are weak. (Str -2) [potion of mutation]
 11006 | D:11     | Noticed a two-headed ogre
 11024 | D:11     | Killed a two-headed ogre
 11115 | D:11     | Noticed a two-headed ogre
 11127 | D:11     | Killed a two-headed ogre
 11127 | D:11     | Reached skill level 10 in Fighting
 11252 | D:11     | Noticed a seven-headed hydra
 11272 | D:11     | Killed a seven-headed hydra
 11272 | D:11     | Reached XP level 12. HP: 30/77 MP: 5/12
 11610 | D:11     | Noticed a two-headed ogre
 11636 | D:11     | Killed a two-headed ogre
 11971 | D:11     | Found a shimmering altar of Xom.
 13363 | D:13     | Noticed a centaur warrior
 13457 | D:13     | Noticed a seven-headed hydra
 13467 | D:13     | Killed a centaur warrior
 13477 | D:13     | Killed a seven-headed hydra
 14127 | D:13     | Bought a translucent plate armour for 588 gold pieces
 14137 | D:13     | Identified the +7 plate armour "Naixocylecs" {rElec Int+3 Dex+4 Slay+2} (You bought it in a shop on level 13 of the Dungeon)
 14265 | D:13     | Found a radiant altar of Vehumet.
 14996 | D:13     | Reached XP level 13. HP: 85/85 MP: 13/13
 15827 | D:13     | Found a gate to the Vaults.
 15827 | D:13     | Noticed a vault guard
 15827 | D:13     | Noticed a vault guard
 15827 | D:13     | Noticed a vault guard
 15870 | D:12     | Killed a vault guard
 15882 | D:12     | Killed a vault guard
 15951 | D:13     | Killed a vault guard
 16067 | D:13     | Identified the +5 mace of Jikizug {freeze, +Fly rF+++ MR- Dex+4} (You found it on level 13 of the Dungeon)
 16208 | Lair:1   | Entered Level 1 of the Lair of Beasts
 17169 | Lair:2   | Found a dark tunnel.
 17282 | Volcano  | Entered a volcano
 17315 | Volcano  | Noticed theanonym's ghost (journeyman DsFi)
 17352 | Volcano  | Killed theanonym's ghost
 18074 | Volcano  | Found a burning altar of Makhleb.
 18586 | Lair:3   | Found a staircase to the Shoals.
 18844 | Lair:3   | Reached skill level 1 in Evocations
 18950 | Lair:3   | Noticed Gastronok
 18960 | Lair:3   | Killed Gastronok
 18960 | Lair:3   | Gained mutation: Your large and strong wings let you fly indefinitely. [Gargoyle growth]
 18960 | Lair:3   | Reached XP level 14. HP: 94/94 MP: 14/14
 19826 | Lair:4   | Reached skill level 15 in Maces & Flails
 19859 | Lair:4   | Reached skill level 15 in Armour
 20027 | Lair:4   | Found a staircase to the Snake Pit.
 21415 | Lair:6   | Entered Level 6 of the Lair of Beasts
 21949 | Lair:6   | Reached skill level 15 in Fighting
 22119 | Lair:6   | Reached XP level 15. HP: 89/103 MP: 16/16
 22382 | Lair:1   | Lost mutation: You often lose your temper in combat. [potion of mutation]
 22382 | Lair:1   | Gained mutation: You have large cloven feet. [potion of mutation]
 22382 | Lair:1   | Gained mutation: You are somewhat resistant to further mutation. [potion of mutation]
 22712 | Lair:6   | Found a viscous altar of Jiyva.
 22737 | Lair:6   | Found a staircase to the Slime Pits.
 24095 | D:14     | Identified the Reference Book on Shifting Poisoning
 24120 | D:14     | Identified the Compendium of Bewitching Feathers
 24586 | D:15     | Entered Level 15 of the Dungeon
 25086 | D:15     | Found a staircase to the Depths.
 26226 | Lair:1   | Bought a scroll of magic mapping for 59 gold pieces
 26226 | Lair:1   | Bought a scroll of identify for 34 gold pieces
 26226 | Lair:1   | Bought a meat ration for 85 gold pieces
 26226 | Lair:1   | Bought a scroll of remove curse for 51 gold pieces
 26711 | Orc:1    | Entered Level 1 of the Orcish Mines
 26799 | Orc:2    | Entered Level 2 of the Orcish Mines
 27584 | Orc:2    | Found a staircase to the Elven Halls.
 27599 | Orc:2    | Found a shimmering altar of Xom.
 28978 | Orc:2    | Reached XP level 16. HP: 84/111 MP: 17/17
 29329 | Orc:2    | Found Fikabbas's Gadget Shop.
 29329 | Orc:2    | Found Ryxipoc's Distillery.
 29330 | Orc:2    | Found Wuneyky's Gadget Shop.
 29330 | Orc:2    | Found Plog's Food Boutique.
 29342 | Orc:2    | Bought a meat ration for 60 gold pieces
 29342 | Orc:2    | Bought a meat ration for 60 gold pieces
 29342 | Orc:2    | Bought a royal jelly for 24 gold pieces
 29342 | Orc:2    | Bought a royal jelly for 24 gold pieces
 29342 | Orc:2    | Bought a royal jelly for 24 gold pieces
 29342 | Orc:2    | Bought a bread ration for 60 gold pieces
 29342 | Orc:2    | Bought a bread ration for 60 gold pieces
 29342 | Orc:2    | Bought a bread ration for 60 gold pieces
 29342 | Orc:2    | Bought a royal jelly for 24 gold pieces
 29342 | Orc:2    | Bought a fruit for 18 gold pieces
 29347 | Orc:2    | Bought a potion of heal wounds for 55 gold pieces
 29347 | Orc:2    | Bought a potion of heal wounds for 55 gold pieces
 29347 | Orc:2    | Bought 2 potions of agility for 88 gold pieces
 29347 | Orc:2    | Bought 3 potions of curing for 99 gold pieces
 29347 | Orc:2    | Bought a potion of might for 44 gold pieces
 29347 | Orc:2    | Bought a potion of lignification for 33 gold pieces
 29347 | Orc:2    | Bought a potion of heal wounds for 55 gold pieces
 29552 | Orc:1    | Noticed Fannar
 29582 | Orc:2    | Killed Fannar
 30423 | Snake:1  | Entered Level 1 of the Snake Pit
 30893 | Lair:1   | Bought the amulet "Piutu" {Reflect rPois MR+ SH+3} for 650 gold pieces
 31055 | Depths:1 | Entered Level 1 of the Depths
 32407 | Snake:1  | Noticed 4thArraOfDagon's ghost (adept TrWn)
 32885 | Snake:1  | Identified the +7 great mace of the Unstoppable People {venom, rC+} (You found it on level 1 of the Snake Pit)
 32893 | Snake:1  | Noticed Aizul
 32924 | Snake:1  | Killed Aizul
 33151 | Snake:1  | Killed 4thArraOfDagon's ghost
 33432 | Snake:2  | Noticed Asterion
 33735 | Snake:2  | Killed Asterion
 34143 | Snake:2  | Reached skill level 5 in Shields
 34354 | Snake:2  | Noticed Vashnia
 34803 | Snake:2  | Noticed a nagaraja
 34818 | Snake:2  | Killed a nagaraja
 35088 | Snake:2  | Killed Vashnia
 35088 | Snake:2  | Reached XP level 17. HP: 109/118 MP: 18/18
 35968 | Snake:3  | Reached skill level 1 in Dodging
 37218 | Snake:4  | Entered Level 4 of the Snake Pit
 37277 | Snake:4  | Noticed Bai Suzhen
 37318 | Snake:4  | Noticed Agnes
 37318 | Snake:4  | Killed Bai Suzhen
 37685 | Snake:4  | Noticed Mara
 37687 | Snake:4  | Noticed Ghella's illusion
 37706 | Snake:3  | Killed Agnes
 37885 | Snake:4  | Reached skill level 10 in Shields
 37919 | Snake:4  | Noticed Roxanne
 37946 | Snake:4  | Found Kaynuqex's Distillery.
 37964 | Snake:4  | Bought a potion of curing for 36 gold pieces
 37964 | Snake:4  | Bought a potion of heal wounds for 60 gold pieces
 37964 | Snake:4  | Bought a potion of curing for 36 gold pieces
 37964 | Snake:4  | Bought a potion of might for 48 gold pieces
 37964 | Snake:4  | Bought a potion of haste for 120 gold pieces
 37964 | Snake:4  | Bought a potion of curing for 36 gold pieces
 38529 | Snake:4  | Reached XP level 18. HP: 116/125 MP: 19/19
 39125 | Snake:4  | Noticed Ghella's illusion
 39134 | Snake:3  | Noticed Ghella's illusion
 39461 | Snake:3  | Noticed Ghella's illusion
 39464 | Snake:3  | Killed Mara
 40215 | Snake:4  | Got a serpentine rune of Zot
 41389 | Vaults:1 | Entered Level 1 of the Vaults
 42281 | Vaults:1 | Reached XP level 19. HP: 118/132 MP: 20/20
 43501 | Vaults:1 | Found Icisoweu's Assorted Antiques.
 44274 | Vaults:2 | Noticed a Brimstone Fiend
 44311 | Vaults:2 | Reached skill level 15 in Shields
 45318 | Vaults:2 | Noticed Jory
 45339 | Vaults:2 | HP: 1/133 [Jory/crystal spear (59)]
 46019 | Vaults:2 | Killed Jory
 46114 | Vaults:2 | Found a staircase to the Crypt.
 46760 | Vaults:3 | Reached XP level 20. HP: 139/139 MP: 21/21
 47044 | Vaults:3 | Noticed a Tzitzimitl
 49445 | Vaults:4 | Identified the Collected Works on Ashen Black Rituals
 49926 | Vaults:4 | Found Feuskiu's General Store.
 49966 | Vaults:4 | Bought a scroll of teleportation for 39 gold pieces
 49966 | Vaults:4 | Bought a fruit for 19 gold pieces
 50059 | Vaults:4 | Found Eti Ysae's Weapon Shop.
 50987 | Vaults:4 | Reached XP level 21. HP: 146/146 MP: 22/22
 51672 | Shoals:1 | Entered Level 1 of the Shoals
 51766 | Shoals:1 | Found a transporter.
 53061 | Shoals:1 | Found a transporter.
 53394 | Orc:2    | Bought a wand of digging (12) for 384 gold pieces
 53820 | Shoals:1 | Got a coiled copper ring
 53821 | Shoals:1 | Identified the ring of Sasiw {*Tele rN+ Dex+4} (You found it on level 1 of the Shoals)
 53835 | Shoals:1 | Got a faintly glowing silver ring
 53836 | Shoals:1 | Identified the ring "Gaimit" {rElec Int+2} (You found it on level 1 of the Shoals)
 55152 | Shoals:3 | Noticed Polyphemus
 55470 | Shoals:3 | Killed Polyphemus
 56063 | Shoals:4 | Entered Level 4 of the Shoals
 56173 | Shoals:4 | Noticed Ilsuiw
 56832 | Shoals:4 | Killed Ilsuiw
 57555 | Shoals:4 | Got a barnacled rune of Zot
 57842 | Shoals:4 | Reached XP level 22. HP: 153/153 MP: 23/23
 57871 | Shoals:4 | Identified the Reference Book on Transmutation
 58248 | Shoals:4 | Identified the +1 scale mail "Namy" {Str+4} (You found it on level 4 of the Shoals)
 59351 | Depths:1 | Found a gateway to Hell.
 60373 | Depths:1 | Found Uteatrym's Assorted Antiques.
 60382 | Depths:1 | Found Looda's Antique Weapon Boutique.
 60646 | Lair:1   | Bought the amulet of Vitality {Regen+ HP+15} for 1659 gold pieces
 60646 | Lair:1   | Found the amulet of Vitality {Regen+ HP+15}
 61001 | Lair:1   | Bought the cursed necklace of Bloodlust {*Rage +Rage MR++ Int-3 Slay+6 *Curse} for 1038 gold pieces
 61001 | Lair:1   | Found the cursed necklace of Bloodlust {*Rage +Rage MR++ Int-3 Slay+6 *Curse}
 61285 | Depths:1 | Found Niteocen's Jewellery Emporium.
 61286 | Depths:1 | Found Diteam's Antique Weapon Shop.
 61505 | Depths:1 | Found a gateway to a ziggurat.
 62364 | Depths:2 | Found a one-way gate to the infinite horrors of the Abyss.
 62839 | Depths:2 | Found a bloodstained altar of Trog.
 63259 | Depths:2 | Noticed Jorgrun
 63739 | Depths:2 | Killed Jorgrun
 63931 | Depths:2 | Noticed the Enchantress
 63961 | Depths:2 | Killed the Enchantress
 64355 | Depths:2 | Got a scorched bronze ring
 65272 | Depths:3 | Reached XP level 23. HP: 146/160 MP: 24/24
 65388 | Depths:3 | Found Jedischa's Jewellery Emporium.
 65456 | Depths:3 | Found Oseox's General Store.
 66560 | Depths:3 | Found Ylunoxke's Magic Scroll Shop.
 66577 | Depths:3 | Bought 4 fruits for 90 gold pieces
 66593 | Depths:3 | Bought a scroll of teleportation for 75 gold pieces
 66632 | Depths:3 | Noticed Boris
 66650 | Depths:3 | Killed Boris
 67639 | Depths:3 | Found Agi Dae's Assorted Antiques.
 67660 | Depths:3 | Bought a runed scarf for 296 gold pieces
 67660 | Depths:3 | Bought a heavily runed copper amulet for 185 gold pieces
 67662 | Depths:3 | Identified the ring "Awecuad" {Fire -Tele rN+ MR+} (You took it off a spriggan on level 2 of the Depths)
 67663 | Depths:3 | Identified the amulet of the Nine Runes {Gourm +Blink +Fly} (You bought it in a shop on level 3 of the Depths)
 67751 | Depths:3 | Found a one-way gate leading to the halls of Pandemonium.
 68053 | Depths:3 | Found a shadowy altar of Dithmenos.
 68168 | Depths:3 | Identified the scarf of Jothyas {rElec rPois rC+} (You acquired it on level 3 of the Depths)
 68235 | Depths:3 | Found Vaan's Jewellery Shoppe.
 68243 | Depths:3 | Bought the ring "Cerev" {rC++ AC+5} for 1192 gold pieces
 69333 | Depths:4 | Lost mutation: You tend to lose your temper in combat. [potion of mutation]
 69333 | Depths:4 | Lost mutation: You are somewhat resistant to further mutation. [potion of mutation]
 69333 | Depths:4 | Gained mutation: You tend to lose your temper in combat. [potion of mutation]
 69333 | Depths:4 | Gained mutation: You are resistant to hostile enchantments. (MR+) [potion of mutation]
 69993 | Depths:5 | Entered Level 5 of the Depths
 70002 | Depths:5 | Found Xunn's Assorted Antiques.
 70011 | Depths:5 | Bought a pair of runed gloves for 225 gold pieces
 70011 | Depths:5 | Bought 2 scrolls of blinking for 450 gold pieces
 70051 | Depths:5 | Noticed a golden dragon
 70090 | Depths:5 | Killed a golden dragon
 70222 | Depths:5 | Found a gate to the Realm of Zot.
 70561 | Depths:5 | Found Miqi's General Store.
 70589 | Depths:5 | Paralysed by a floating eye for 3 turns
 70636 | Depths:5 | Bought 2 potions of cancellation for 224 gold pieces
 70636 | Depths:5 | Bought a potion of curing for 42 gold pieces
 70649 | Depths:5 | Found Vaad's Book Shoppe.
 71022 | Depths:5 | Found Vonoiw's Assorted Antiques.
 71105 | Depths:5 | Bought a glowing helmet for 150 gold pieces
 71105 | Depths:5 | Bought a potion of curing for 60 gold pieces
 71105 | Depths:5 | Bought a potion of heal wounds for 100 gold pieces
 71105 | Depths:5 | Bought a scroll of identify for 40 gold pieces
 71839 | Depths:5 | Reached XP level 24. HP: 147/166 MP: 24/24
 71857 | Depths:5 | Noticed a caustic shrike
 71858 | Depths:5 | Noticed a caustic shrike
 71858 | Depths:5 | Noticed a caustic shrike
 71859 | Depths:5 | Noticed a caustic shrike
 71879 | Depths:5 | Killed a caustic shrike
 71890 | Depths:5 | Killed a caustic shrike
 72361 | Depths:5 | Killed a caustic shrike
 72521 | Depths:5 | Killed a caustic shrike
 73083 | Depths:5 | Voluntarily entered the Abyss.
 73083 | Abyss:1  | Found a corrupted altar of Lugonu.
 73183 | Abyss:1  | Found a shattered altar of Ashenzari.
 73406 | Abyss:1  | Found a corrupted altar of Lugonu.
 73855 | Depths:5 | Escaped the Abyss
 75067 | Vaults:5 | Entered Level 5 of the Vaults
 76535 | Vaults:4 | Reached XP level 25. HP: 173/173 MP: 24/24
 77605 | Vaults:5 | Lost mutation: You are resistant to hostile enchantments. (MR+) [potion of mutation]
 77605 | Vaults:5 | Gained mutation: You are robust. (+10% HP) [potion of mutation]
 77619 | Vaults:5 | Lost mutation: You tend to lose your temper in combat. [potion of mutation]
 77619 | Vaults:5 | Lost mutation: You are robust. (+10% HP) [potion of mutation]
 77619 | Vaults:5 | Gained mutation: Your muscles are strong. (Str +2) [potion of mutation]
 77619 | Vaults:5 | Gained mutation: You possess an exceptional clarity of mind. [potion of mutation]
 77619 | Vaults:5 | Gained mutation: You are robust. (+10% HP) [potion of mutation]
 77737 | Vaults:5 | Got a fine turquoise ring
 78049 | Vaults:5 | Identified the amulet "Maerph" {+Rage Dex+4} (You found it on level 5 of the Vaults)
 78117 | Vaults:5 | Got a silver rune of Zot
 78804 | Vaults:5 | Found Fuesei's Food Shop.
 78824 | Vaults:5 | Bought a bread ration for 50 gold pieces
 78824 | Vaults:5 | Bought a bread ration for 50 gold pieces
 78824 | Vaults:5 | Bought 3 fruits for 45 gold pieces
 78824 | Vaults:5 | Bought a bread ration for 50 gold pieces
 78824 | Vaults:5 | Bought a bread ration for 50 gold pieces
 79266 | Lair:1   | Identified the ring "Ixycw" {Wiz Str-2 Int+4 Dex+4} (You took it off a deep elf elementalist on level 5 of the Vaults)
 79417 | Elf:1    | Entered Level 1 of the Elven Halls
 80435 | Elf:2    | Found a runed gate.
 80435 | Elf:2    | Found a runed gate.
 80435 | Elf:2    | Found a runed gate.
 80900 | Elf:2    | Noticed Nikola
 80947 | Elf:2    | Killed Nikola
 81566 | Elf:3    | Entered Level 3 of the Elven Halls
 81602 | Elf:3    | Got a flickering zirconium amulet
 81605 | Elf:3    | Identified the amulet "Qoruina" {RegenMP rN+ MR++ Dex-3} (You acquired it on level 3 of the Elven Halls)
 81677 | Elf:3    | Reached XP level 26. HP: 198/198 MP: 24/24
 81727 | Elf:3    | Found a frozen archway.
 81738 | IceCv    | Entered an ice cave
 82217 | IceCv    | Noticed Thaneod's ghost (journeyman MiBe)
 82267 | IceCv    | Killed Thaneod's ghost
 83150 | Elf:2    | Got a brightly glowing great sword {speed}
 84392 | Elf:3    | Got a heavily runed copper ring
 84394 | Elf:3    | Identified the ring "Kexzurem" {rPois rC+++ MR+ SInv Stlth-} (You took it off a deep elf annihilator on level 3 of the Elven Halls)
 85310 | Lair:1   | Bought the ring "Pihej" {MP+9 Str+2 Int+3 Slay+2} for 596 gold pieces
 85628 | Zot:1    | Entered Level 1 of the Realm of Zot
 85702 | Zot:1    | Reached skill level 5 in Dodging
 85709 | Zot:1    | Noticed an orb of fire
 85717 | Zot:1    | Gained mutation: Armour fits poorly on your strangely shaped body. [an orb of fire]
 85733 | Zot:1    | Gained mutation: You expend magic power (3 MP) to strengthen your wands. [an orb of fire]
 85737 | Zot:1    | Gained mutation: You are dopey. (Int -2) [an orb of fire]
 85750 | Zot:1    | Lost mutation: You possess an exceptional clarity of mind. [an orb of fire]
 85761 | Zot:1    | Killed an orb of fire
 86365 | Zot:1    | Reached skill level 27 in Shields
 88293 | Crypt:1  | Entered Level 1 of the Crypt
 88522 | Crypt:1  | Reached XP level 27. HP: 196/206 MP: 24/24
 88960 | Crypt:1  | Lost mutation: Your muscles are strong. (Str +2) [potion of mutation]
 88960 | Crypt:1  | Lost mutation: You are dopey. (Int -2) [potion of mutation]
 88960 | Crypt:1  | Lost mutation: Armour fits poorly on your strangely shaped body. [potion of mutation]
 88960 | Crypt:1  | Lost mutation: You are robust. (+10% HP) [potion of mutation]
 88960 | Crypt:1  | Gained mutation: You are partially covered in molten scales. (AC +2) [potion of mutation]
 88960 | Crypt:1  | Gained mutation: You are covered in fur. (AC +1) [potion of mutation]
 89235 | Crypt:2  | Noticed Donald
 89250 | Crypt:2  | Killed Donald
 89633 | Crypt:3  | Entered Level 3 of the Crypt
 89667 | Crypt:3  | Lost mutation: You are partially covered in molten scales. (AC +2) [potion of mutation]
 89667 | Crypt:3  | Lost mutation: You are covered in fur. (AC +1) [potion of mutation]
 89667 | Crypt:3  | Lost mutation: You have large cloven feet. [potion of mutation]
 89667 | Crypt:3  | Lost mutation: You expend magic power (3 MP) to strengthen your wands. [potion of mutation]
 89667 | Crypt:3  | Gained mutation: Your mind is acute. (Int +2) [potion of mutation]
 89667 | Crypt:3  | Gained mutation: You occasionally shout uncontrollably at your foes. [potion of mutation]
 89667 | Crypt:3  | Gained mutation: You have sharp fingernails. [potion of mutation]
 89863 | Crypt:3  | Found an ancient bone altar of Kikubaaqudgha.
 90143 | Crypt:3  | Found the +8 demon blade "Leech" {vamp, rN+ AC-3 EV-3}
 90269 | Crypt:3  | Found a staircase to the Tomb.
 90320 | Crypt:3  | Got an ancient marble ring
 90321 | Crypt:3  | Identified the ring of Xom's Hope {rPois rN+ Str+2} (You found it on level 3 of the Crypt)
 91327 | Hell     | Entered the Vestibule of Hell
 91327 | Hell     | Noticed Geryon
 91577 | Hell     | Killed Geryon
 91727 | Hell     | Found a gateway to the Iron City of Dis.
 92089 | Hell     | Found a gateway to the freezing wastes of Cocytus.
 92307 | Hell     | Found a gateway to the decaying netherworld of Tartarus.
 92371 | Hell     | Found a gateway to the ashen valley of Gehenna.
 93085 | Depths:2 | Voluntarily entered the Abyss.
 93769 | Abyss:1  | Found a corrupted altar of Lugonu.
 93867 | Depths:2 | Escaped the Abyss
 93879 | Depths:2 | Voluntarily entered the Abyss.
 94091 | Abyss:1  | Gained mutation: Scrolls take you a little longer to read. [a neqoxec]
 94155 | Abyss:1  | Paralysed by accursed screaming for 1 turns
 95190 | Abyss:1  | Noticed an ancient lich
 95207 | Abyss:1  | Killed an ancient lich
 95442 | Abyss:1  | Gained mutation: Your body sometimes deteriorates upon taking damage. [a neqoxec]
 96012 | Abyss:2  | Paralysed by accursed screaming for 1 turns
 96026 | Abyss:2  | Paralysed by accursed screaming for 2 turns
 96637 | Abyss:3  | Paralysed by accursed screaming for 1 turns
 97066 | Depths:2 | Escaped the Abyss
 97968 | Zot:2    | Found Loamung's Changing Room.
 98034 | Zot:2    | Bought 2 mutagenic chunks of flesh for 2 gold pieces
 98034 | Zot:2    | Bought 2 potions of mutation for 192 gold pieces
 98034 | Zot:2    | Bought a potion of mutation for 96 gold pieces
 98034 | Zot:2    | Lost mutation: Your mind is acute. (Int +2) [potion of mutation]
 98034 | Zot:2    | Lost mutation: Scrolls take you a little longer to read. [potion of mutation]
 98034 | Zot:2    | Lost mutation: Your body sometimes deteriorates upon taking damage. [potion of mutation]
 98034 | Zot:2    | Lost mutation: You occasionally shout uncontrollably at your foes. [potion of mutation]
 98034 | Zot:2    | Gained mutation: You are clumsy. (Dex -2) [potion of mutation]
 98034 | Zot:2    | Gained mutation: Your spells are a little harder to cast, but a little more powerful. [potion of mutation]
 98034 | Zot:2    | Gained mutation: You have supernaturally acute eyesight. (SInv) [potion of mutation]
 98034 | Zot:2    | Gained mutation: You have a pair of small antennae on your head. [potion of mutation]
 98035 | Zot:2    | Lost mutation: You are clumsy. (Dex -2) [potion of mutation]
 98035 | Zot:2    | Lost mutation: You have sharp fingernails. [potion of mutation]
 98035 | Zot:2    | Gained mutation: You have sharp toenails. [potion of mutation]
 98035 | Zot:2    | Gained mutation: Your mind is acute. (Int +2) [potion of mutation]
 98035 | Zot:2    | Gained mutation: You are clumsy. (Dex -2) [potion of mutation]
 98035 | Zot:2    | Gained mutation: You are resistant to hostile enchantments. (MR+) [potion of mutation]
 98036 | Zot:2    | Lost mutation: You are resistant to hostile enchantments. (MR+) [potion of mutation]
 98036 | Zot:2    | Lost mutation: Your mind is acute. (Int +2) [potion of mutation]
 98036 | Zot:2    | Lost mutation: You are clumsy. (Dex -2) [potion of mutation]
 98036 | Zot:2    | Lost mutation: Your spells are a little harder to cast, but a little more powerful. [potion of mutation]
 98036 | Zot:2    | Gained mutation: Your magical capacity is low. (-10% MP) [potion of mutation]
 98036 | Zot:2    | Gained mutation: You are frail. (-10% HP) [potion of mutation]
 98036 | Zot:2    | Gained mutation: You are agile. (Dex +2) [potion of mutation]
 98036 | Zot:2    | Gained mutation: You have razor-sharp toenails. [potion of mutation]
103397 | Lair:1   | Bought a +2 large shield of positive energy for 444 gold pieces
103880 | Snake:4  | Bought a potion of lignification for 36 gold pieces
103880 | Snake:4  | Bought a potion of haste for 120 gold pieces
103880 | Snake:4  | Bought a potion of mutation for 96 gold pieces
103880 | Snake:4  | Bought a potion of haste for 120 gold pieces
103880 | Snake:4  | Lost mutation: You are agile. (Dex +2) [potion of mutation]
103880 | Snake:4  | Lost mutation: You have razor-sharp toenails. [potion of mutation]
103880 | Snake:4  | Lost mutation: You are frail. (-10% HP) [potion of mutation]
103880 | Snake:4  | Gained mutation: You have a beak for a mouth. [potion of mutation]
103880 | Snake:4  | Gained mutation: You occasionally shout uncontrollably at your foes. [potion of mutation]
103880 | Snake:4  | Gained mutation: Your spells are a little harder to cast, but a little more powerful. [potion of mutation]
104343 | Pan      | Entered Pandemonium
104745 | Pan      | Found an exit through the horrors of the Abyss.
104904 | Pan      | Noticed Extuoradgh the pandemonium lord
104926 | Pan      | Killed Extuoradgh the pandemonium lord
105275 | Pan      | Gained mutation: You sometimes yell uncontrollably at your foes. [a neqoxec]
105291 | Pan      | Entered the realm of Mnoleg.
105338 | Pan      | Reached skill level 27 in Fighting
105470 | Pan      | Lost mutation: Your spells are a little harder to cast, but a little more powerful. [a cacodemon]
105492 | Pan      | Gained mutation: You are resistant to hostile enchantments. (MR+) [a neqoxec]
105752 | Pan      | Gained mutation: You are clumsy. (Dex -2) [a cacodemon]
105918 | Pan      | Gained mutation: You are weak. (Str -2) [a neqoxec]
105918 | Pan      | Gained mutation: You are very clumsy. (Dex -4) [a neqoxec]
105921 | Pan      | Gained mutation: Your body sometimes deteriorates upon taking damage. [a neqoxec]
105935 | Pan      | Gained mutation: You are frail. (-10% HP) [a neqoxec]
105939 | Pan      | Gained mutation: You are very frail. (-20% HP) [a cacodemon]
105948 | Pan      | Gained mutation: Your magical capacity is very low. (-20% MP) [a shining eye]
106241 | Pan      | Paralysed by a floating eye for 4 turns
106256 | Pan      | Gained mutation: You are very weak. (Str -4) [a neqoxec]
106278 | Pan      | Noticed Mnoleg
106310 | Pan      | Paralysed by a floating eye for 4 turns
106322 | Pan      | Paralysed by a floating eye for 2 turns
106327 | Pan      | Paralysed by a floating eye for 2 turns
106338 | Pan      | Paralysed by a floating eye for 4 turns
106421 | Pan      | Gained mutation: Your spells are a little easier to cast, but a little less powerful. [a neqoxec]
106679 | Pan      | Paralysed by a floating eye for 2 turns
106742 | Pan      | Gained mutation: You are extremely frail. (-30% HP) [a cacodemon]
106774 | Pan      | Lost mutation: You sometimes yell uncontrollably at your foes. [a neqoxec]
106783 | Pan      | Paralysed by a floating eye for 4 turns
106788 | Pan      | Paralysed by a floating eye for 3 turns
106879 | Pan      | Got a glittering wooden ring
106880 | Pan      | Identified the ring "Meitas" {rCorr *Slow rC+ Str+5} (You acquired it in Pandemonium)
107076 | Pan      | Paralysed by a floating eye for 3 turns
107087 | Pan      | Paralysed by a floating eye for 3 turns
107094 | Pan      | Lost mutation: You have supernaturally acute eyesight. (SInv) [Mnoleg's mutagenic touch]
107116 | Pan      | Killed Mnoleg
107345 | Pan      | Got a glowing rune of Zot
107557 | Pan      | Gained mutation: Your magical capacity is extremely low. (-30% MP) [a cacodemon]
107572 | Pan      | Gained mutation: You expend magic power (3 MP) to strengthen your wands. [a cacodemon]
107672 | Pan      | Gained mutation: You are occasionally teleported next to monsters. [a cacodemon]
107726 | Depths:3 | Escaped Pandemonium
107975 | Lair:1   | Bought a potion of berserk rage for 220 gold pieces
107975 | Lair:1   | Bought a potion of heal wounds for 220 gold pieces
108176 | Vaults:1 | Bought a potion of mutation for 240 gold pieces
108176 | Vaults:1 | Lost mutation: You expend magic power (3 MP) to strengthen your wands. [potion of mutation]
108176 | Vaults:1 | Lost mutation: You occasionally shout uncontrollably at your foes. [potion of mutation]
108176 | Vaults:1 | Lost mutation: You are very clumsy. (Dex -4) [potion of mutation]
108176 | Vaults:1 | Lost mutation: You are clumsy. (Dex -2) [potion of mutation]
108176 | Vaults:1 | Gained mutation: You are partially covered in icy blue scales. (AC +2) [potion of mutation]
108393 | Depths:2 | Lost mutation: You have a beak for a mouth. [potion of mutation]
108393 | Depths:2 | Lost mutation: You are very weak. (Str -4) [potion of mutation]
108393 | Depths:2 | Gained mutation: You have sharp fingernails. [potion of mutation]
108765 | Depths:1 | Bought a scroll of teleportation for 123 gold pieces
108765 | Depths:1 | Bought a potion of might for 164 gold pieces
108765 | Depths:1 | Bought a scroll of identify for 82 gold pieces
108960 | Zot:5    | Entered Level 5 of the Realm of Zot
109457 | Zot:5    | Noticed an ancient lich
109459 | Zot:5    | Noticed an ancient lich
109492 | Zot:5    | Killed an ancient lich
109811 | Zot:5    | Noticed an ancient lich
109811 | Zot:5    | Noticed an ancient lich
110212 | Lair:1   | Bought the ring "Asaje" {rF+ rC+ Str-3 Int+3 Dex+4 SInv} for 710 gold pieces
110641 | Zot:4    | Killed an ancient lich
110661 | Zot:4    | Killed an ancient lich
110719 | Zot:5    | Noticed an ancient lich
110729 | Zot:5    | Killed an ancient lich
110817 | Zot:5    | Noticed an orb of fire
110817 | Zot:5    | Noticed an orb of fire
110828 | Zot:5    | Gained mutation: You are very weak. (Str -4) [an orb of fire]
110828 | Zot:5    | Gained mutation: Scrolls take you a little longer to read. [an orb of fire]
110834 | Zot:5    | Noticed an orb of fire
110836 | Zot:5    | Lost mutation: You have sharp toenails. [an orb of fire]
110841 | Zot:5    | Noticed an orb of fire
110850 | Zot:5    | Noticed an ancient lich
110852 | Zot:5    | Noticed an ancient lich
110856 | Zot:5    | Gained mutation: Your body often deteriorates upon taking damage. [an orb of fire]
111102 | Zot:5    | Gained mutation: Scrolls take you longer to read. [an orb of fire]
111124 | Zot:5    | Noticed an ancient lich
111142 | Zot:5    | Noticed an ancient lich
111145 | Zot:5    | Noticed an orb of fire
111147 | Zot:5    | Gained mutation: Scrolls take you much longer to read. [an orb of fire]
111148 | Zot:5    | Gained mutation: You are clumsy. (Dex -2) [an orb of fire]
112041 | Zot:5    | Killed an ancient lich
112155 | Zot:5    | Killed an ancient lich
112323 | Zot:5    | Killed an ancient lich
112651 | Zot:5    | Killed an ancient lich
112651 | Zot:5    | Reached skill level 27 in Maces & Flails
112972 | Zot:5    | Killed an ancient lich
113128 | Zot:5    | Lost mutation: You are clumsy. (Dex -2) [an orb of fire]
113155 | Zot:5    | HP: 3/154 [orb of fire/bolt of fire (14)]
113156 | Zot:5    | HP: 1/154 [orb of fire/bolt of fire (7)]
113156 | Zot:5    | Killed from afar by an orb of fire

Vault maps used:
D:1:      minmay_arrival_jagged, minmay_tetromino_o2
D:3:      zin_purify, first_bread
D:4:      dancing_weapons_uskayaw, chequers_temple_overflow_minitemple
D:5:      uniq_ijyb
D:6:      old_standard_altar, lemuel_coloured_pillars_altar, temple_statues,
          hangedman_decor_clover_reticule
D:7:      serial_shops, shop, shop, shop_fountains, kennysheep_mini_moat,
          grunt_livestock, roderic_lattice_a, uniq_pikel
D:8:      nicolae_overflow_crystal_walls, marbit_many_paths,
          wad_floor_pattern_untrapped, uniq_maurice
D:10:     erik_lair_island
D:11:     basic_altar, minmay_misc_feat_secret_circle
D:13:     grunt_vaults_entry_tiered, basic_altar
D:14:     minmay_librarian
D:15:     hangedman_depths_entry_try_elsewhere_first, spider_trap
Temple:   oiseaux_autumnal_temple
Lair:1:   disabler_island
Lair:2:   nicolae_volcano_entry_hallway, serial_bayou_crossing
Lair:3:   beast_lair_carwin_large_1, minmay_shoals_entry_beasts, uniq_gastronok
Lair:4:   guppyfry_snake_entry_island, st_stairs_5, grunt_forest_large_clearings
Lair:5:   beast_lair_carwin_3, grunt_megastairs_4
Lair:6:   minmay_lair_end_enchanted_forest, slime_altar_1, hibernation_bobbens
Shoals:1: gammafunk_its_a_trap, nicolae_shoals_mertower
Shoals:3: uniq_polyphemus
Shoals:4: shoals_end_grunt_ice, shoal_ilsuiw, nicolae_shoals_cliffside_cave,
          argonaut_gorgonesque
Snake:1:  uniq_aizul
Snake:2:  guppyfry_library_mini, grunt_megastairs_2, uniq_asterion, uniq_vashnia
Snake:3:  spider_trap, serial_bayou_shore_b
Snake:4:  johnstein_snake_rune_scales, serial_shops, nicolae_shop_waterfront,
          special_room, uniq_bai_suzhen, uniq_mara, uniq_roxanne, uniq_agnes
Orc:1:    uniq_fannar
Orc:2:    st_orc_pillars, basic_altar
Elf:1:    eino_elf_arrival_shootout, hangedman_corner_corridor
Elf:2:    uniq_nikola
Elf:3:    grunt_elf_hall_branching, portal_ice_cave_entry_pillars_three,
          minivault_25
Vaults:1: vaults_standard_mumra_lines, ontoclasm_vaults_twist, v_misc_33,
          v_rooms_2, nicolae_vaults_network_star, hangedman_vaults_restitches,
          v_misc_11, vaults_mumra_lcd, vaults_dpeg_hooks,
          nicolae_vaults_shelves_hall, serial_shops, shop
Vaults:2: minmay_crypt_entry_simple_plaza, nicolae_vaults_little_squares_6,
          vaults_dpeg_cross, v_misc_27, hangedman_vaults_capsules,
          nicolae_vaults_inception_scallops, grunt_vaults_trifunnel,
          grunt_vaults_swirl, vaults_mumra_minichess_inversion, v_rooms_4,
          ontoclasm_vaults_tryst, vaults_room_pool, uniq_jory
Vaults:3: hangedman_vaults_river_flow, grunt_vaults_twisty,
          nicolae_vaults_little_squares_3, ontoclasm_vaults_misaligned,
          nicolae_vaults_network_square, nicolae_vaults_network_quinsquares,
          v_misc_31, nicolae_vaults_disjoint_gnomons, serial_ice_m,
          grunt_vaults_diagonal, nicolae_vaults_little_squares_2,
          nicolae_vaults_shelves_hall
Vaults:4: vaults_room_door_ring, ontoclasm_vaults_ring_small,
          nicolae_vaults_quartermaster, vaults_room_corners,
          nicolae_vaults_network_barrier,
          nicolae_vaults_windows_and_doors_thing, vaults_room_mumra_shop_pool,
          nicolae_vaults_big_angled_halls, dpeg_vaults_monster_box,
          ontoclasm_vaults_pinch, vaults_mumra_hexcomb, serial_ice_h, v_misc_18,
          serial_shops, shop_fountains
Vaults:5: serial_shops
Crypt:1:  grunt_crypt_arrival_webbed
Crypt:2:  uniq_donald
Crypt:3:  grunt_crypt_end_deaths_head
Depths:1: enter_ziggurat_e, moated_statue, hell_entry, serial_shops, shop,
          nicolae_shop_statue_plus, nicolae_shop_temple_entry_statues_fountains,
          shop, minmay_the_grid_square_5x5_3x3_mashed
Depths:2: spriggan_forest, abyss_entry, hell_entry, uniq_jorgrun
Depths:3: regret_index_dithmenos_brocken_genspenst, grunt_pan_entry_spiral,
          serial_bayou_shore_b, serial_shops, nicolae_shop_statue_plus, shop,
          nicolae_shop_behind_doors, shop_fountains, nicolae_shop_crystal,
          hell_entry, uniq_boris
Depths:4: kennysheep_blocky_room, serial_sigils_hangedman_stare, hell_entry,
          abyss_entry_small_statue_room
Depths:5: evilmike_zot_entry_round, pan_entry, serial_shops,
          nicolae_shop_behind_doors, nicolae_shop_stone, shop,
          nicolae_shop_overgrown_old_shop, nicolae_lava_and_water, hell_entry,
          abyss_entry, serial_bayou_shore_b
Zot:1:    grunt_ministairs_10
Zot:2:    nicolae_transmutations_shop
Zot:3:    kennysheep_six_static_rooms
Zot:5:    grunt_ministairs_12
Abyss:1:  minivault_25
Abyss:3:  hangedman_abyss_stitches_cave
Pan:      evilmike_mini_pan_other_thingy, evilmike_mnoleg_eyes,
          nicolae_pan_sigil_itan
IceCv:    ice_cave_caverns_02
Volcano:  volcano_lake

Skill      XL: |  1  2  3  4  5  6  7  8  9 10 11 12 13 14 15 16 17 18 19 20 21 22 23 24 25 26 27 |
---------------+----------------------------------------------------------------------------------+-----
Maces & Flails | 3 4 5 6 8 9 11 12 13 14 15 16 17 18 19 20 21 27 | 27.0
Fighting       | 4 5 6 7 8 10 11 13 15 16 17 18 19 20 21 22 23 27 | 27.0
Armour         | 4 5 8 9 10 11 13 14 15 16 17 18 19 20 25 | 25.6
Evocations     | 1 |  1.3
Shields        | 6 11 14 16 18 20 21 23 24 25 27 | 27.0
Dodging        | 1 2 3 4 5 8 |  8.6
Stealth        | |  0.2

Action                   |  1- 3 |  4- 6 |  7- 9 | 10-12 | 13-15 | 16-18 | 19-21 | 22-24 | 25-27 || total
-------------------------+-------+-------+-------+-------+-------+-------+-------+-------+-------++-------
Melee: Flail             |   123 |   183 |     7 |       |       |    38 |    34 |   597 |  2781 ||  3763
       Whip              |       |       |   738 |  1612 |   188 |       |       |       |       ||  2538
       Mace              |       |       |       |     5 |  1686 |  1958 |  2594 |  2327 |  3338 || 11908
       Peck              |       |       |       |       |       |       |       |       |   194 ||   194
Invok: Call Merchant     |       |       |       |     2 |     3 |     2 |     3 |       |     5 ||    15
       Potion Petition   |       |       |       |       |       |       |       |     2 |       ||     2
 Abil: Evoke Flight      |       |       |       |       |     2 |       |       |       |       ||     2
       Fly               |       |       |       |       |       |       |     1 |       |     2 ||     3
       Stop Flying       |       |       |       |       |       |       |       |     1 |     2 ||     3
Evoke: Wand              |       |       |       |     3 |       |       |     2 |       |       ||     5
  Use: Scroll            |     1 |     2 |     9 |     6 |    13 |    11 |    18 |    37 |    47 ||   144
       Potion            |       |     1 |     5 |     9 |     5 |     5 |     4 |    10 |    24 ||    63
 Stab: Distracted        |       |       |       |     6 |     6 |     8 |    17 |    11 |    51 ||    99
       Invisible         |       |       |       |       |     2 |       |       |     2 |       ||     4
       Petrified         |       |       |       |       |       |       |     6 |       |       ||     6
       Confused          |       |       |       |       |       |       |       |       |     4 ||     4
       Paralysed         |       |       |       |       |       |       |       |       |     2 ||     2
  Eat: Chunk             |     1 |     6 |     5 |       |       |       |       |       |       ||    12
       Royal jelly       |       |       |     2 |     6 |     2 |     4 |     5 |       |     9 ||    28
       Fruit             |       |       |     1 |     1 |    16 |       |     3 |       |       ||    21
       Meat ration       |       |       |     1 |     5 |     5 |     7 |     7 |     2 |    15 ||    42
       Bread ration      |       |       |       |     1 |       |       |     1 |    14 |     6 ||    22
Armor: Scale mail        |    67 |    89 |    31 |       |       |       |       |       |       ||   187
       Plate armour      |       |       |   448 |   680 |   909 |  1061 |  1154 |  1701 |  2475 ||  8428
Dodge: Dodged            |    48 |    60 |   112 |   178 |   248 |   331 |   512 |   763 |  1429 ||  3681
Block: Shield            |    62 |    78 |   298 |   521 |  1308 |  1761 |  2695 |  3234 |  5207 || 15164
       Reflection        |       |       |       |       |    47 |   182 |   190 |   141 |   166 ||   726
       Large shield      |       |       |       |       |       |       |       |       |  1384 ||  1384

Table legend:
 A = Spawn XP
 B = Non-spawn XP
 C = Spawn XP percentage of total XP
 D = Spawn monster count
 E = Non-spawn monster count
 F = Spawn count percentage of total count
 G = Total turns spent on level
                    A         B        C        D         E        F      G
               +---------+---------+-------+---------+---------+-------+---------
         Total |  183112 | 1886336 |   8.8 |     273 |    2860 |   8.7 | 113156
               +---------+---------+-------+---------+---------+-------+---------
           D:1 |       0 |      43 |   0.0 |       0 |      25 |   0.0 |   836
           D:2 |       0 |      61 |   0.0 |       0 |      21 |   0.0 |   519
           D:3 |       0 |      92 |   0.0 |       0 |      13 |   0.0 |   944
           D:4 |       0 |     412 |   0.0 |       0 |      14 |   0.0 |   591
           D:5 |       0 |     366 |   0.0 |       0 |      11 |   0.0 |  1076
           D:6 |       0 |     880 |   0.0 |       0 |      22 |   0.0 |  1308
           D:7 |       0 |    2825 |   0.0 |       0 |      24 |   0.0 |  1306
           D:8 |       0 |    1781 |   0.0 |       0 |      39 |   0.0 |  1276
           D:9 |       0 |    2357 |   0.0 |       0 |      18 |   0.0 |   801
          D:10 |       0 |    5645 |   0.0 |       0 |      42 |   0.0 |  2877
          D:11 |       0 |    5175 |   0.0 |       0 |      21 |   0.0 |  2050
          D:12 |       0 |    5993 |   0.0 |       0 |      32 |   0.0 |  2244
          D:13 |       0 |   13618 |   0.0 |       0 |      50 |   0.0 |  3267
          D:14 |       0 |    5165 |   0.0 |       0 |      25 |   0.0 |  1635
          D:15 |       0 |   30315 |   0.0 |       0 |      44 |   0.0 |  3572
        Lair:1 |       0 |    5365 |   0.0 |       0 |      17 |   0.0 |  3757
        Lair:2 |       0 |    1538 |   0.0 |       0 |       6 |   0.0 |   909
        Lair:3 |       0 |    7009 |   0.0 |       0 |      25 |   0.0 |  1172
        Lair:4 |       0 |   10212 |   0.0 |       0 |      58 |   0.0 |  1789
        Lair:5 |       0 |    9478 |   0.0 |       0 |      30 |   0.0 |  1088
        Lair:6 |       0 |   17149 |   0.0 |       0 |      73 |   0.0 |  1561
      Shoals:1 |       0 |   20285 |   0.0 |       0 |      30 |   0.0 |  1604
      Shoals:2 |       0 |    9520 |   0.0 |       0 |      17 |   0.0 |  1179
      Shoals:3 |       0 |   26851 |   0.0 |       0 |      51 |   0.0 |  1633
      Shoals:4 |       0 |   46146 |   0.0 |       0 |      80 |   0.0 |  1705
       Snake:1 |       0 |   19096 |   0.0 |       0 |      29 |   0.0 |  1456
       Snake:2 |       0 |   25550 |   0.0 |       0 |      36 |   0.0 |  2181
       Snake:3 |       0 |   44499 |   0.0 |       0 |      67 |   0.0 |  2946
       Snake:4 |       0 |   66449 |   0.0 |       0 |     103 |   0.0 |  2600
         Orc:1 |       0 |    7560 |   0.0 |       0 |      57 |   0.0 |  1382
         Orc:2 |       0 |   12906 |   0.0 |       0 |      96 |   0.0 |  2400
         Elf:1 |       0 |   16618 |   0.0 |       0 |      31 |   0.0 |  1021
         Elf:2 |       0 |   48426 |   0.0 |       0 |      53 |   0.0 |  2363
         Elf:3 |       0 |   55389 |   0.0 |       0 |      61 |   0.0 |  1625
      Vaults:1 |       0 |   45916 |   0.0 |       0 |      94 |   0.0 |  2837
      Vaults:2 |       0 |   54503 |   0.0 |       0 |      83 |   0.0 |  3176
      Vaults:3 |       0 |   49409 |   0.0 |       0 |      73 |   0.0 |  2464
      Vaults:4 |       0 |  119845 |   0.0 |       0 |     134 |   0.0 |  3756
      Vaults:5 |       0 |  114031 |   0.0 |       0 |     110 |   0.0 |  2464
       Crypt:1 |       0 |   37542 |   0.0 |       0 |      56 |   0.0 |   898
       Crypt:2 |       0 |   11863 |   0.0 |       0 |      16 |   0.0 |   546
       Crypt:3 |       0 |   78529 |   0.0 |       0 |     120 |   0.0 |  1203
      Depths:1 |       0 |   25415 |   0.0 |       0 |      36 |   0.0 |  2205
      Depths:2 |     189 |   82318 |   0.2 |       1 |     132 |   0.8 |  5664
      Depths:3 |       0 |   46830 |   0.0 |       0 |      71 |   0.0 |  1948
      Depths:4 |       0 |   27087 |   0.0 |       0 |      32 |   0.0 |  2148
      Depths:5 |       0 |   70806 |   0.0 |       0 |      47 |   0.0 |  3716
          Hell |       0 |   32124 |   0.0 |       0 |      45 |   0.0 |   990
         Zot:1 |       0 |   48800 |   0.0 |       0 |      28 |   0.0 |  1813
         Zot:2 |       0 |   47543 |   0.0 |       0 |      24 |   0.0 |  1706
         Zot:3 |       0 |   99983 |   0.0 |       0 |      55 |   0.0 |  2913
         Zot:4 |       0 |   62995 |   0.0 |       0 |      36 |   0.0 |  1986
         Zot:5 |       0 |  126689 |   0.0 |       0 |      43 |   0.0 |  1930
       Abyss:1 |   75584 |   45384 |  62.5 |     123 |      92 |  57.2 |  3323
       Abyss:2 |   15484 |    3129 |  83.2 |      25 |      14 |  64.1 |   831
       Abyss:3 |   20586 |   18055 |  53.3 |      35 |      27 |  56.5 |   587
           Pan |   71269 |   96112 |  42.6 |      89 |      98 |  47.6 |  3383
         IceCv |       0 |   11541 |   0.0 |       0 |      55 |   0.0 |   746
       Volcano |       0 |    5113 |   0.0 |       0 |      18 |   0.0 |  1022
               +---------+---------+-------+---------+---------+-------+---------
